 Dungeon Crawl Stone Soup version 0.22-a0-456-g11ed031 (webtiles) character file.

296 GlaceonGamingDJ the Cudgeler (level 6, -4/61 HPs)
             Began as a Troll Berserker on May 23, 2018.
             Was a Priest of Trog.
             Slain by Sigmund
             ... wielding a +0 scythe
              (11 damage)
             ... on level 3 of the Dungeon on June 7, 2018.
             The game lasted 00:18:39 (2699 turns).

GlaceonGamingDJ the Cudgeler (Troll Berserker)      Turns: 2699, Time: 00:18:39

Health: -4/61      AC:  1    Str: 28    XL:     6   Next: 12%
Magic:  5/5        EV: 11    Int:  3    God:    Trog [***...]
Gold:   142        SH:  0    Dex:  9    Spells: 5/5 levels left

rFire    . . .     SeeInvis .   a - +0 mace
rCold    . . .     Gourm    +   (no shield)
rNeg     . . .     Faith    .   b - +0 animal skin
rPois    .         Spirit   .   (helmet restricted)
rElec    .         Reflect  .   (no cloak)
rCorr    .         Harm     .   (gloves unavailable)
MR       .....                  (boots unavailable)
Stlth    +.........             (no amulet)
HPRegen  0.60/turn              (no ring)
MPRegen  0.09/turn              (no ring)

@: corroded, berserk cooldown
A: large, unfitting armour, claws 3, fast metabolism 3, gourmand, regeneration
1, shaggy fur 1, tough skin 2
a: Berserk, Trog's Hand, Renounce Religion


You were on level 3 of the Dungeon.
You worshipped Trog.
Trog was most pleased with you.
You were very full.

You visited 1 branch of the dungeon, and saw 3 of its levels.

You collected 142 gold pieces.

Inventory:

Hand Weapons
 a - a +0 mace (weapon)
Armour
 b - a +0 animal skin (worn)
Scrolls
 d - a scroll of identify
 e - a scroll of fog
 g - a scroll of enchant armour
 h - a scroll of amnesia
Comestibles
 c - 5 rations
 f - 5 chunks of flesh


   Skills:
 + Level 3.2 Fighting
 + Level 4.5 Maces & Flails
 + Level 3.9 Dodging
 + Level 0.2 Stealth


You had 5 spell levels left.
You didn't know any spells.
Your spell library was empty.

Dungeon Overview and Level Annotations

Branches:
Dungeon (3/15)

Altars:

Annotations:
D:3 Sigmund


Innate Abilities, Weirdness & Mutations

You are too large for most types of armour.
You have claws for hands.
Your metabolism is lightning-fast.
You like to eat raw meat.
Your natural rate of healing is unusually fast.
You are covered in fur. (AC +1)
You have very tough skin. (AC +2)


Message History

You completely miss the goblin. The goblin hits you but does no damage.
The goblin barely misses you. The goblin misses you.
You hit the goblin.
The goblin is moderately wounded.
The goblin misses you. The goblin hits you but does no damage.
The goblin hits you.
The goblin hits you but does no damage. x2
You feel yourself speed up. The goblin closely misses you.
The goblin barely misses you. The goblin hits you with a dagger.
The goblin hits you with a dagger.
* * * LOW HITPOINT WARNING * * *
You see here 9 gold pieces.
Some of the chunks of flesh in your inventory have rotted away.
The jelly hits you.
* * * LOW HITPOINT WARNING * * *
The acid corrodes you!
You are splashed with acid!
The acid burns!
* * * LOW HITPOINT WARNING * * *
Something hits you!
You die...

#........#####.)...###.#♣♣
#.................['.<.#♣.
#....####.####.....###.#♣.
#....'......*#............
#....####.#.##.........#♣♣
#....#....#.######.....#
#....#....#.# #.....#
#....#....#.* #.....#
######.gg@#.* #.....#
#g.J.#.* #**##.#
*#########..{.#.##########.#
*........#.g..#.[..........#
*........#.#####...........#
*.......J#.# #.#.........#
*........).#####.#.........#
*.$......####....#...<.....#
*####.##...).)...#.........#


You could see a jelly and 4 goblins.

Vanquished Creatures
  The ghost of JaqwonTheChef the Chopper, an amateur DsCK of Xom (D:3)
  Terence (D:3)
  Jessica (D:3)
  Robin (D:3)
  3 gnolls (D:3)
  4 adders
  An ooze (D:2)
  A worm (D:2)
  A dart slug (D:1)
  3 leopard geckos
  2 orcs (D:3)
  8 bats
  4 giant cockroaches
  13 goblins
  8 hobgoblins
  A ball python (D:3)
  4 frilled lizards
  10 kobolds
  8 rats
75 creatures vanquished.

Notes
Turn   | Place    | Note
-------+----------+-------------------------------------------
     0 | D:1      | GlaceonGamingDJ the Troll Berserker began the quest for the Orb.
     0 | D:1      | Reached XP level 1. HP: 22/22 MP: 0/0
   191 | D:1      | Reached XP level 2. HP: 22/29 MP: 1/1
   259 | D:1      | Reached skill level 3 in Maces & Flails
   365 | D:1      | Reached ** piety under Trog
   417 | D:1      | Upgraded the game from 0.22-a0-425-g89d60a1 to 0.22-a0-429-g97ce8ef
   641 | D:1      | You fall through a shaft!
   664 | D:2      | Reached XP level 3. HP: 7/36 MP: 2/2
  1236 | D:2      | Reached XP level 4. HP: 42/44 MP: 3/3
  1657 | D:3      | Noticed Jessica
  1662 | D:3      | Killed Jessica
  1665 | D:3      | Noticed Terence
  1678 | D:3      | Noticed JaqwonTheChef's ghost (amateur DsCK)
  1679 | D:3      | Killed Terence
  1679 | D:3      | Reached skill level 4 in Maces & Flails
  1713 | D:3      | Killed JaqwonTheChef's ghost
  1713 | D:3      | Reached XP level 5. HP: 18/53 MP: 4/4
  2593 | D:3      | Reached XP level 6. HP: 61/61 MP: 5/5
  2659 | D:3      | Noticed Robin
  2663 | D:3      | Reached *** piety under Trog
  2667 | D:3      | Killed Robin
  2674 | D:3      | Noticed Sigmund
  2699 | D:3      | Slain by Sigmund

Vault maps used:
D:1:      dpeg_arrival_pond, minmay_lizard_pond
D:2:      hangedman_decor_riveting
D:3:      kb_forest_paths, uniq_sigmund, uniq_jessica, uniq_terence, uniq_robin

Skill      XL: |  1  2  3  4 |
---------------+-------------+-----
Maces & Flails | 3 4 |  4.5
Dodging        | 3 |  3.9
Fighting       | 3 |  3.2
Stealth        | |  0.2

Action                   |  1- 3 |  4- 6 || total
-------------------------+-------+-------++-------
Melee: Mace              |   133 |   129 ||   262
Invok: Berserk           |     1 |     4 ||     5
       Trog's Hand       |       |     1 ||     1
  Use: Potion            |     3 |     3 ||     6
       Scroll            |     3 |     2 ||     5
  Eat: Chunk             |    13 |    16 ||    29
       Ration            |     1 |     1 ||     2
Armor: Animal skin       |    75 |   137 ||   212
Dodge: Dodged            |   114 |   205 ||   319

Table legend:
 A = Spawn XP
 B = Non-spawn XP
 C = Spawn XP percentage of total XP
 D = Spawn monster count
 E = Non-spawn monster count
 F = Spawn count percentage of total count
 G = Total turns spent on level
                    A         B        C        D         E        F      G
               +---------+---------+-------+---------+---------+-------+---------
         Total |       0 |     423 |   0.0 |       0 |      75 |   0.0 |  2699
               +---------+---------+-------+---------+---------+-------+---------
           D:1 |       0 |      32 |   0.0 |       0 |      20 |   0.0 |   641
           D:2 |       0 |      76 |   0.0 |       0 |      20 |   0.0 |  1014
           D:3 |       0 |     315 |   0.0 |       0 |      35 |   0.0 |  1044
               +---------+---------+-------+---------+---------+-------+---------
